 Dungeon Crawl Stone Soup version 0.29.1-12-g30fa7ad0bf (webtiles) character file.

Game seed: 15942091024014255292

7 nachturnus the Slasher (level 2, -1/22 HPs)
             Began as a Human Gladiator on Jan 4, 2023.
             Slain by a jackal (2 damage)
             ... on level 1 of the Dungeon.
             The game lasted 00:01:44 (272 turns).

nachturnus the Slasher (Human Gladiator)             Turns: 272, Time: 00:01:45

Health: -1/22      AC:  4    Str: 14    XL:     2   Next: 5%
Magic:  2/2        EV: 12    Int:  8    God:
Gold:   20         SH:  0    Dex: 14    Spells: 1/1 levels left

rFire   . . .      SeeInvis .   a - +0 long sword
rCold   . . .      Faith    .   (no shield)
rNeg    . . .      Spirit   .   b - +0 leather armour
rPois   .          Reflect  .   c - +0 helmet
rElec   .          Harm     .   (no cloak)
rCorr   .          Rampage  .   (no gloves)
Will    .....                   (no boots)
Stlth   +.........              (no amulet)
HPRegen 0.07/turn               (no ring)
MPRegen 0.08/turn               (no ring)

@: no status effects
A: no striking features
a: no special abilities


You were on level 1 of the Dungeon.
You visited 1 branch of the dungeon, and saw 1 of its levels.

You collected 20 gold pieces.

Inventory:

Hand Weapons
 a - a +0 long sword (weapon)
Missiles
 d - 3 throwing nets (quivered)
 e - a javelin
Armour
 b - a +0 leather armour (worn)
 c - a +0 helmet (worn)
Scrolls
 g - a scroll of immolation {unknown}
 h - a scroll of teleportation {unknown}
Potions
 f - a potion of flight {unknown}
 i - a potion of might {unknown}


   Skills:
 + Level 2.1 Fighting
 + Level 3.1 Long Blades
 + Level 2.1 Throwing
 + Level 3.1 Dodging


You had one spell level left.
You didn't know any spells.
Your spell library was empty.

Dungeon Overview and Level Annotations

Branches:
Dungeon (1/15)

Altars:


Message History

You are frozen.
The jackal bites you but does no damage.
You slash the endoplasm!
You kill the endoplasm!
You have reached level 2!
You closely miss the jackal. Your punch misses the jackal.
The jackal barely misses you. x2; The jackal misses you.
You closely miss the jackal. The jackal barely misses you.
The jackal misses you. The jackal bites you.
The jackal bites you but does no damage. x2
The jackal bites you.
You miss the jackal.
The jackal bites you but does no damage.
The jackal misses you. The jackal bites you. x2
The jackal completely misses you. The jackal barely misses you.
The jackal closely misses you. The jackal barely misses you.
You are too injured to fight recklessly!
You are too injured to fight recklessly!
You are too injured to fight recklessly!
You are too injured to fight recklessly!
You are too injured to fight recklessly!
You are too injured to fight recklessly!
You closely miss the jackal. The jackal bites you.
The jackal bites you but does no damage.
The jackal closely misses you. The jackal bites you.
* * * LOW HITPOINT WARNING * * *
The jackal completely misses you. The jackal closely misses you.
The jackal barely misses you.
You hit the jackal but do no damage. The jackal bites you.
* * * LOW HITPOINT WARNING * * *
The jackal bites you but does no damage. x2
The jackal misses you. The jackal bites you.
* * * LOW HITPOINT WARNING * * *
The jackal barely misses you.
You closely miss the jackal.
The jackal bites you but does no damage.
The jackal bites you.
* * * LOW HITPOINT WARNING * * *
The jackal barely misses you. The jackal misses you. The jackal bites you.
You die...

.### ..# #.. ..
.#...#..# #.. ...
#.....#.# #.. ....##
##........# #.. ..#..
..#.....#.# ####
.#...#...#...#..# #...
#...#.#...###...###.##
#..#h..#..#..#......#
#.h@..###.).#.#..##
#.hh..#..#.....(##
#....[#...#...###
#.#...#.#..)...#
#...#.#...#.....#
...............).#
..........#########
###########


You could see 4 jackals.

Vanquished Creatures
  2 endoplasms (D:1)
  2 goblins (D:1)
  A kobold (D:1)
5 creatures vanquished.

Notes
Turn   | Place    | Note
-------+----------+-------------------------------------------
     0 | D:1      | nachturnus the Human Gladiator began the quest for the Orb.
     0 | D:1      | Reached XP level 1. HP: 16/16 MP: 1/1
   267 | D:1      | Reached XP level 2. HP: 15/22 MP: 2/2
   272 | D:1      | HP: 1/22 [jackal (1)]
   272 | D:1      | Slain by a jackal

Illustrated notes

Levels and vault maps discovered:
D:1:      minmay_arrival_checkered_box, layout_basic,
          dreamdust_ecumenical_altar_drowned_temple, minmay_misc_feat_five,
          minmay_splitting_lines

Action                   || total
-------------------------++-------
Melee: Long sword        ||    25
Armor: Leather armour    ||    13
Dodge: Dodged            ||    25
